[Event "Titled Tuesday Blitz June 13 Early 2023"]
[White "Makhnev, Denis"]
[Black "LeoLV10"]
[WhiteFideId "13707647"]
[WhiteElo "2515"]
[BlackElo "2422"]
[Result "1-0"]
[Round "4"]
[TimeControl "180+2"]
[Date "2023.06.13"]
[WhiteClock "0:00:18"]
[BlackClock "0:00:03"]
[Board "131"]

1. c4 c5 2. Nf3 Nc6 3. Nc3 Nf6 4. g3 e6 5. Bg2 g6 6. O-O Bg7 7. d4 cxd4 8. Nxd4 O-O 9. Ndb5 a6 10. Nd6 Ne8 11. Bf4 e5 12. Be3 Nxd6 13. Qxd6 Qf6 14. Ne4 Qxd6 15. Nxd6 Bf6 16. Bb6 Be7 17. c5 Nd4 18. e3 Ne6 19. Rfd1 Bd8 20. b4 Kg7 21. Nxc8 Rxc8 22. Rxd7 Bxb6 23. cxb6 Rc4 24. a3 Rc2 25. Bxb7 Rb8 26. Bxa6 Rxb6 27. Bd3 Rd2 28. Bb5 Rc2 29. a4 Ng5 30. Rad1 Rf6 31. h4 Nh3+ 32. Kg2 Nxf2 33. R1d2 Rxd2 34. Rxd2 Ng4 35. Re2 Rd6 36. a5 f5 37. a6 Rd8 38. e4 fxe4 39. Bc6 e3 40. a7 Rd2 41. Kf3 e4+ 42. Bxe4 Ne5+ 43. Kxe3 Nc4+ 44. Kf2 Rd8 45. a8=Q Rxa8 46. Bxa8 Nd6 47. Bc6 1-0


[Site "https://www.chess.com"]

[Event "Titled Tuesday Blitz June 13 Early 2023"]
[White "Mohammad Fahad, Rahman"]
[Black "Topalov, Aleksandar"]
[WhiteFideId "10207791"]
[BlackFideId "925659"]
[WhiteElo "2339"]
[BlackElo "2151"]
[Result "1-0"]
[Round "4"]
[TimeControl "180+2"]
[Date "2023.06.13"]
[WhiteClock "0:01:27"]
[BlackClock "0:00:00"]
[Board "132"]

1. d4 Nf6 2. Bf4 g6 3. Nc3 d5 4. f3 c6 5. Qd2 h6 6. h4 Bg7 7. O-O-O Qa5 8. Kb1 Nbd7 9. e4 e6 10. Bd6 Bf8 11. Bxf8 Nxf8 12. Bd3 b6 13. Nge2 Ba6 14. Ng3 h5 15. Rhe1 Bxd3 16. Qxd3 O-O-O 17. Qe3 N8d7 18. Qf4 Rhf8 19. Nge2 Qa6 20. Ng1 Qb7 21. Nh3 Qc7 22. e5 Ng8 23. Ng5 Nb8 24. Nh7 Rfe8 25. g4 hxg4 26. fxg4 f5 27. Ng5 Nh6 28. Nxe6 Rxe6 29. Qxh6 fxg4 30. Rg1 Qf7 31. Rxg4 Rf8 32. a3 Nd7 33. Rdg1 Rg8 34. h5 Nf8 35. Rf4 Qe7 36. hxg6 Nxg6 37. Rfg4 Nf8 38. Qxe6+ Nxe6 39. Rxg8+ Kb7 40. R1g6 Ka6 41. Rc8 Nxd4 42. e6 Nxe6 43. Rxc6 Nf4 44. Rgf6 d4 45. Rxf4 dxc3 46. Rxc3 Qe1+ 47. Ka2 Qe6+ 48. b3 Qe5 49. Rfc4 Kb7 50. a4 a5 51. Kb2 Ka6 52. Rc6 1-0


[Site "https://www.chess.com"]

[Event "Titled Tuesday Blitz June 13 Early 2023"]
[White "Itgelt, Khuyagtsogt"]
[Black "Toczek, Grzegorz"]
[WhiteFideId "4902912"]
[BlackFideId "1106457"]
[WhiteElo "2227"]
[BlackElo "2093"]
[Result "0-1"]
[Round "4"]
[TimeControl "180+2"]
[Date "2023.06.13"]
[WhiteClock "0:00:00"]
[BlackClock "0:00:15"]
[Board "133"]

1. d4 Nf6 2. Nf3 g6 3. c4 d5 4. cxd5 Nxd5 5. e4 Nb6 6. Nc3 Bg7 7. Be2 O-O 8. O-O Bg4 9. Be3 N8d7 10. Nd2 Bxe2 11. Qxe2 c6 12. Rad1 Qc7 13. e5 Rfd8 14. f4 e6 15. Nde4 Nd5 16. Nxd5 cxd5 17. Rc1 Qb6 18. Nd6 Nb8 19. f5 exf5 20. g4 Nc6 21. Rc5 Rxd6 22. exd6 Nxd4 23. Qd2 Qxc5 24. gxf5 Re8 25. f6 Rxe3 26. Qxe3 Ne2+ 27. Kf2 Qxd6 28. fxg7 Nf4 29. Kg1 g5 30. h4 h6 31. hxg5 hxg5 0-1


[Site "https://www.chess.com"]

[Event "Titled Tuesday Blitz June 13 Early 2023"]
[White "DanyKopy"]
[Black "Jain Kashish Manoj"]
[BlackFideId "35081098"]
[WhiteElo "2410"]
[BlackElo "2181"]
[Result "1-0"]
[Round "4"]
[TimeControl "180+2"]
[Date "2023.06.13"]
[WhiteClock "0:01:28"]
[BlackClock "0:00:00"]
[Board "134"]

1. e4 c5 2. Nf3 Nf6 3. d3 d5 4. Nbd2 Nc6 5. g3 e6 6. Bg2 Be7 7. O-O O-O 8. e5 Nd7 9. Re1 Qc7 10. Qe2 b5 11. h4 Bb7 12. h5 h6 13. Nf1 Rfc8 14. g4 Qd8 15. Ng3 Nd4 16. Qd1 a5 17. c3 Nxf3+ 18. Bxf3 b4 19. c4 Nb6 20. a4 Ra7 21. b3 dxc4 22. Bxb7 Rxb7 23. dxc4 Rd7 24. Qe2 Rd3 25. Rb1 Rc7 26. Be3 Rcd7 27. Ne4 Qc7 28. Nd6 Bxd6 29. Qxd3 Bxe5 30. Qe4 Bd4 31. Rbd1 Qd8 32. Rd3 Nc8 33. Bxd4 cxd4 34. Red1 Qg5 35. Rxd4 Rxd4 36. Rxd4 e5 37. Rd5 1-0


[Site "https://www.chess.com"]

[Event "Titled Tuesday Blitz June 13 Early 2023"]
[White "Vlassov, Nikolai"]
[Black "Smiechu"]
[WhiteFideId "4103360"]
[WhiteElo "2324"]
[BlackElo "2410"]
[Result "1-0"]
[Round "4"]
[TimeControl "180+2"]
[Date "2023.06.13"]
[WhiteClock "0:00:17"]
[BlackClock "0:00:03"]
[Board "135"]

1. e4 c5 2. c3 g6 3. d4 cxd4 4. cxd4 d5 5. e5 Bg7 6. Nc3 Nh6 7. Bf4 Nc6 8. Qd2 Nf5 9. Nf3 e6 10. O-O-O O-O 11. h4 b5 12. Bxb5 Nb4 13. a3 a5 14. h5 Bd7 15. Bxd7 Qxd7 16. g4 Rfc8 17. Kb1 Ne7 18. Bh6 Bh8 19. Bg5 Rab8 20. Bf6 Rxc3 21. Qxc3 Rc8 22. Qb3 Nbc6 23. Bxh8 Rb8 24. Qc3 Nb4 25. Bf6 Qa4 26. Bxe7 Nc6 27. Bd6 Rb3 28. Qc2 Qb5 29. Rc1 a4 30. Qxc6 Rxb2+ 31. Ka1 Rb1+ 32. Rxb1 Qxc6 33. Rb8+ Kg7 34. h6# 1-0


[Site "https://www.chess.com"]

[Event "Titled Tuesday Blitz June 13 Early 2023"]
[White "Miller, Luke C"]
[Black "Altman, Joshua"]
[WhiteFideId "2096935"]
[BlackFideId "426210"]
[WhiteElo "1836"]
[BlackElo "2028"]
[Result "0-1"]
[Round "4"]
[TimeControl "180+2"]
[Date "2023.06.13"]
[WhiteClock "0:00:00"]
[BlackClock "0:00:30"]
[Board "136"]

1. e4 e6 2. d4 d5 3. Nc3 Nf6 4. e5 Nfd7 5. f4 c5 6. Nf3 Nc6 7. Be3 a6 8. Qd2 b5 9. Be2 Be7 10. O-O O-O 11. Nd1 b4 12. Nf2 a5 13. c3 Ba6 14. Nd3 bxc3 15. bxc3 cxd4 16. cxd4 Nb6 17. Nc5 Bxe2 18. Qxe2 Nc4 19. Rab1 Rc8 20. Rfc1 Nxd4 21. Bxd4 Bxc5 22. Bxc5 Rxc5 23. f5 exf5 24. Nd4 Qg5 25. e6 fxe6 26. Qxe6+ Kh8 27. Rf1 Ne3 28. Rf2 h6 29. Qe5 Ng4 0-1


[Site "https://www.chess.com"]

[Event "Titled Tuesday Blitz June 13 Early 2023"]
[White "Buchenau, Frank"]
[Black "Schnaider, Ilan"]
[WhiteFideId "4604350"]
[BlackFideId "169013"]
[WhiteElo "2157"]
[BlackElo "2224"]
[Result "1-0"]
[Round "4"]
[TimeControl "180+2"]
[Date "2023.06.13"]
[WhiteClock "0:00:10"]
[BlackClock "0:00:07"]
[Board "137"]

1. e4 c5 2. Nf3 d6 3. Bb5+ Bd7 4. Bxd7+ Qxd7 5. O-O Nc6 6. c4 g6 7. d4 cxd4 8. Nxd4 Bg7 9. Be3 Nf6 10. f3 O-O 11. Nc3 Rac8 12. b3 a6 13. Qd3 Rfd8 14. Rad1 Nh5 15. Nd5 Qe8 16. f4 e6 17. Nb6 Rc7 18. Nf3 Qe7 19. g4 Nf6 20. h3 d5 21. e5 Ne4 22. cxd5 exd5 23. Nxd5 Rxd5 24. Qxd5 Nc3 25. Qd6 Nxd1 26. Rxd1 Bf8 27. Qxe7 Bxe7 28. f5 f6 29. e6 Kf8 30. Bb6 Rc8 31. Rd7 Nb4 32. Rxb7 Rc6 33. Nd4 Rc1+ 34. Kg2 Nd5 35. Rb8+ Kg7 36. Bd8 Bd6 37. Rb7+ Kf8 38. Kf3 gxf5 39. gxf5 Rf1+ 40. Ke4 Nc3+ 41. Kd3 Nd5 42. Kc4 Ne3+ 43. Kd3 Nxf5 44. Nxf5 Rxf5 45. Rb6 Bc5 46. Rxa6 Rd5+ 47. Kc4 Rxd8 48. Kxc5 Ke7 49. b4 Rc8+ 50. Kd5 Rd8+ 51. Ke4 Rd2 52. b5 Re2+ 53. Kd5 Re5+ 54. Kc6 Rxe6+ 55. Kc5 Re5+ 56. Kb4 Kd7 57. Ra7+ Kd6 58. b6 Re2 59. b7 Kc7 60. a4 Re4+ 61. Kc5 Re5+ 62. Kd4 Rh5 63. a5 Rxh3 64. a6 Rh4+ 65. Kd5 Rh5+ 66. Ke6 Rb5 67. Kxf6 h5 68. Ra8 h4 69. Rc8+ Kd7 70. b8=Q Rxb8 71. Rxb8 h3 72. Rh8 h2 73. Rxh2 Kd6 74. Rb2 Kc6 75. a7 Kc7 76. a8=Q Kd7 77. Qb7+ Kd8 78. Rc2 Ke8 79. Rc8# 1-0


[Site "https://www.chess.com"]

[Event "Titled Tuesday Blitz June 13 Early 2023"]
[White "Garcia Cuenca, Victor"]
[Black "Domingo Nunez, Ruben"]
[WhiteFideId "2250829"]
[BlackFideId "22245570"]
[WhiteElo "2329"]
[BlackElo "2404"]
[Result "1-0"]
[Round "4"]
[TimeControl "180+2"]
[Date "2023.06.13"]
[WhiteClock "0:00:01"]
[BlackClock "0:01:25"]
[Board "138"]

1. Nf3 g6 2. g3 Bg7 3. Bg2 Nf6 4. O-O O-O 5. d4 d6 6. c4 Nbd7 7. Nc3 c5 8. h3 Rb8 9. b3 a6 10. a4 b6 11. Bb2 Ne8 12. Qd2 Nc7 13. Rfd1 b5 14. cxb5 axb5 15. a5 Ba6 16. Ne4 c4 17. d5 Bxb2 18. Qxb2 b4 19. bxc4 Bxc4 20. Nd4 Bxd5 21. Nd2 Bxg2 22. Kxg2 Qc8 23. Kg1 Qb7 24. Rdc1 Nc5 25. N2b3 N7e6 26. Nxe6 Nxe6 27. a6 Qb6 28. e3 Ra8 29. Qe2 Nc7 30. Nd4 Rxa6 31. Rxa6 Nxa6 32. Rc6 Qb7 33. Qxa6 Qb8 34. Rb6 Qc7 35. Rxb4 Qd7 36. Qb7 Qxh3 37. Qxe7 Rc8 38. Rb1 d5 39. Qe5 Rd8 40. Ne2 Qg4 41. Nf4 Qf3 42. Rb4 h5 43. Rd4 Ra8 44. Rxd5 Rc8 45. Rc5 Rd8 46. Rc1 h4 47. gxh4 Qg4+ 48. Ng2 Rd2 49. Rf1 Qf3 50. Qg3 Qc6 51. Nf4 Kf8 52. Re1 Qc3 53. Rf1 Rd6 54. Qg5 Rf6 55. Kg2 Rf5 56. Qg4 Qc6+ 57. Qf3 Qf6 58. Qg3 g5 59. Nh5 Qh6 60. Qg4 Rc5 61. Rd1 Qc6+ 62. Kg1 Qc7 63. hxg5 Qe7 64. Nf6 Qe5 65. Kf1 Qe4 66. Qxe4 Re5 67. Qxe5 1-0


[Site "https://www.chess.com"]

[Event "Titled Tuesday Blitz June 13 Early 2023"]
[White "Ezat, Mohamed"]
[Black "Mazurkiewicz, Michal"]
[WhiteFideId "10600906"]
[BlackFideId "1124943"]
[WhiteElo "2372"]
[BlackElo "2063"]
[Result "1-0"]
[Round "4"]
[TimeControl "180+2"]
[Date "2023.06.13"]
[WhiteClock "0:01:06"]
[BlackClock "0:00:10"]
[Board "139"]

1. d4 Nf6 2. c4 e5 3. dxe5 Ng4 4. Bf4 Nc6 5. Nf3 Bb4+ 6. Nbd2 Qe7 7. e3 Ncxe5 8. Nxe5 Nxe5 9. Be2 O-O 10. O-O a5 11. Nb3 a4 12. Nd4 d6 13. Nc2 Bc5 14. b4 axb3 15. axb3 Bf5 16. Nd4 Bd7 17. Qd2 g5 18. Bg3 Rxa1 19. Rxa1 f5 20. b4 Bb6 21. Nf3 f4 22. exf4 gxf4 23. Bxf4 Ng4 24. Bg3 Bc6 25. h3 Nf6 26. c5 dxc5 27. Bc4+ Kh8 28. Ne5 Ne4 29. Ng6+ hxg6 30. Qh6+ Qh7 31. Qxf8+ Qg8 32. Qxg8# 1-0


[Site "https://www.chess.com"]

[Event "Titled Tuesday Blitz June 13 Early 2023"]
[White "Perez, Maximiliano"]
[Black "Gulkov, Igor A."]
[WhiteFideId "117234"]
[BlackFideId "4120973"]
[WhiteElo "2334"]
[BlackElo "2343"]
[Result "1-0"]
[Round "4"]
[TimeControl "180+2"]
[Date "2023.06.13"]
[WhiteClock "0:00:21"]
[BlackClock "0:00:00"]
[Board "140"]

1. e4 c5 2. Nf3 d6 3. d4 cxd4 4. Nxd4 Nf6 5. Nc3 a6 6. Be2 e5 7. Nb3 Be7 8. Be3 Be6 9. Nd5 Nbd7 10. Qd3 Bxd5 11. exd5 O-O 12. g4 Ne8 13. h4 a5 14. O-O-O a4 15. Nd2 Nc5 16. Qf5 g6 17. Qf3 f5 18. Bxc5 dxc5 19. gxf5 gxf5 20. Rdg1+ Kh8 21. Nc4 Bd6 22. Rg5 Qf6 23. Nxd6 Nxd6 24. Rhg1 a3 25. b3 e4 26. Qh5 Rae8 27. Kd1 e3 28. Ke1 exf2+ 29. Kxf2 Ne4+ 30. Kf3 Nxg5+ 31. hxg5 Qe5 32. Bd3 Qe3+ 33. Kg2 Qd2+ 34. Kh1 Re1 35. g6 Rxg1+ 36. Kxg1 h6 37. Kf1 Kg7 38. d6 Qg5 39. Qf3 Qxg6 40. Qxb7+ Rf7 41. d7 Qd6 42. Qg2+ Kf8 43. Qa8+ Kg7 44. d8=Q Qf4+ 45. Ke2 Qh2+ 46. Kd1 Qh5+ 47. Be2 1-0


[Site "https://www.chess.com"]

[Event "Titled Tuesday Blitz June 13 Early 2023"]
[White "Lopez Idarraga, Daniel Eduardo"]
[Black "RobertDowneyJr0111"]
[WhiteFideId "4405501"]
[WhiteElo "1980"]
[BlackElo "2578"]
[Result "1-0"]
[Round "4"]
[TimeControl "180+2"]
[Date "2023.06.13"]
[WhiteClock "0:00:14"]
[BlackClock "0:00:06"]
[Board "141"]

1. d4 d5 2. Bf4 Nf6 3. e3 c5 4. c3 Nc6 5. Nd2 Qb6 6. Qb3 c4 7. Qc2 g6 8. Ngf3 Bf5 9. Qc1 Bg7 10. h3 O-O 11. g4 Be4 12. Bg2 Qd8 13. O-O b5 14. g5 Nh5 15. Bh2 Bf5 16. a3 Qd7 17. h4 Bh3 18. Bg3 Nxg3 19. fxg3 e5 20. Kh2 Bg4 21. Qc2 Rfe8 22. Rae1 Re7 23. Re2 Rae8 24. Rfe1 e4 25. Ng1 Bxe2 26. Nxe2 f6 27. Bh3 Qd6 28. Nf4 fxg5 29. hxg5 Rf8 30. Qd1 a5 31. Qg4 b4 32. axb4 axb4 33. Ra1 bxc3 34. bxc3 Rb8 35. Ra6 Rb2 36. Qc8+ Qd8 37. Rxc6 Rxd2+ 38. Bg2 Re8 39. Qb7 Qxg5 40. Rc7 Kh8 41. Qxd5 Qh6+ 42. Kg1 Rb8 43. Rb7 Ra8 44. Rb1 g5 45. Qxa8+ 1-0


[Site "https://www.chess.com"]

[Event "Titled Tuesday Blitz June 13 Early 2023"]
[White "Bodnaruk, Anastasia"]
[Black "Rangel, Daniel"]
[WhiteFideId "4181751"]
[BlackFideId "2124475"]
[WhiteElo "2304"]
[BlackElo "2231"]
[Result "1-0"]
[Round "4"]
[TimeControl "180+2"]
[Date "2023.06.13"]
[WhiteClock "0:00:18"]
[BlackClock "0:00:00"]
[Board "142"]

1. e4 c5 2. Nc3 g6 3. Nge2 Bg7 4. d4 cxd4 5. Nxd4 Nc6 6. Be3 Nf6 7. Bc4 O-O 8. Bb3 Re8 9. O-O d6 10. f3 Bd7 11. Qd2 Nxd4 12. Bxd4 Bc6 13. Rad1 Qa5 14. Qf2 e6 15. Be3 d5 16. exd5 exd5 17. Bd4 Nh5 18. Bxg7 Nxg7 19. Nxd5 Bxd5 20. Rxd5 Qc7 21. Rfd1 Rad8 22. Qd2 Ne6 23. c4 h5 24. g3 h4 25. Kg2 Qc8 26. Qh6 Rxd5 27. cxd5 h3+ 28. Qxh3 Nf4+ 29. gxf4 Re2+ 30. Kg3 Qc5 31. Qf1 Rxb2 32. Re1 Kg7 33. Qg1 Qc3 34. d6 Qd2 35. Rd1 Qe3 36. Qxe3 1-0


[Site "https://www.chess.com"]

[Event "Titled Tuesday Blitz June 13 Early 2023"]
[White "Shuvalov, Evgenij"]
[Black "Luukkonen, Tommi"]
[WhiteFideId "4187237"]
[BlackFideId "501808"]
[WhiteElo "2080"]
[BlackElo "2296"]
[Result "0-1"]
[Round "4"]
[TimeControl "180+2"]
[Date "2023.06.13"]
[WhiteClock "0:01:32"]
[BlackClock "0:02:32"]
[Board "143"]

1. d4 Nf6 2. c4 c5 3. Nf3 cxd4 4. Nxd4 e5 5. Nb5 d5 6. cxd5 a6 7. N5c3 Bc5 8. g3 O-O 9. Bg2 Re8 10. Nd2 Bf5 11. e4 Bg4 12. Qb3 b5 13. O-O Nbd7 14. h3 Bh5 15. Re1 Qb6 16. Rf1 Bd4 17. a4 b4 18. Nc4 Qc5 19. Nb1 Be2 20. Ne3 Bxf1 21. Nxf1 Qxc1 0-1


[Site "https://www.chess.com"]

[Event "Titled Tuesday Blitz June 13 Early 2023"]
[White "Herzog2012"]
[Black "Gavrilov, Maxim"]
[BlackFideId "24271454"]
[WhiteElo "2395"]
[BlackElo "1969"]
[Result "0-1"]
[Round "4"]
[TimeControl "180+2"]
[Date "2023.06.13"]
[WhiteClock "0:00:01"]
[BlackClock "0:01:52"]
[Board "144"]

1. e4 c5 2. Nf3 d6 3. d4 cxd4 4. Nxd4 Nf6 5. Nc3 a6 6. Bg5 e6 7. f4 Qb6 8. Nb3 Be7 9. Qf3 Nbd7 10. O-O-O h6 11. Bh4 Qc7 12. Bf2 b5 13. Bd3 Bb7 14. Kb1 Rc8 15. Rhe1 O-O 16. g4 d5 17. e5 Ne4 18. Nxe4 dxe4 19. Bxe4 Bxe4 20. Qxe4 Nb6 21. Bxb6 Qxb6 22. f5 Rc4 23. Rd4 Bh4 24. Red1 Rfc8 25. Rxc4 bxc4 26. Rd6 Qg1+ 0-1


[Site "https://www.chess.com"]

[Event "Titled Tuesday Blitz June 13 Early 2023"]
[White "Srdanovic, Jovana"]
[Black "Nikologorsky, Matfei"]
[WhiteFideId "954810"]
[BlackFideId "24102474"]
[WhiteElo "2155"]
[BlackElo "2153"]
[Result "0-1"]
[Round "4"]
[TimeControl "180+2"]
[Date "2023.06.13"]
[WhiteClock "0:00:03"]
[BlackClock "0:00:19"]
[Board "145"]

1. e4 c5 2. Nf3 e6 3. d4 cxd4 4. Nxd4 a6 5. Nc3 Qc7 6. f4 Bb4 7. Bd2 b5 8. Qf3 Bb7 9. Bd3 Nc6 10. Nb3 Be7 11. Qg3 Nf6 12. e5 Nh5 13. Qh3 g6 14. O-O-O d5 15. exd6 Bxd6 16. f5 Nf4 17. Bxf4 Bxf4+ 18. Kb1 gxf5 19. Bxf5 Qe7 20. Rhe1 Be5 21. Be4 Bg7 22. g3 Rd8 23. Qh5 Rxd1+ 24. Rxd1 Bxc3 25. bxc3 Nd8 26. Qf3 Bxe4 27. Qxe4 O-O 28. Rf1 f5 29. Qe2 Nf7 30. g4 fxg4 31. Qxg4+ Kh8 32. Rg1 Nh6 33. Qd4+ e5 34. Qd2 Nf5 35. Re1 e4 36. Qe2 e3 37. Nd4 Nxd4 38. cxd4 Qb4+ 39. Kc1 Re8 40. Qd3 a5 41. d5 Qxe1+ 42. Kb2 Qd2 43. Qb3 Qb4 44. Qxb4 axb4 0-1


[Site "https://www.chess.com"]

[Event "Titled Tuesday Blitz June 13 Early 2023"]
[White "Prem, Pranav"]
[Black "Itkis, Boris"]
[WhiteFideId "30901057"]
[BlackFideId "1209167"]
[WhiteElo "1970"]
[BlackElo "2219"]
[Result "0-1"]
[Round "4"]
[TimeControl "180+2"]
[Date "2023.06.13"]
[WhiteClock "0:00:00"]
[BlackClock "0:00:24"]
[Board "146"]

1. d4 d5 2. c4 e6 3. Nc3 Nf6 4. cxd5 exd5 5. Bg5 c6 6. Qc2 Bd6 7. e3 O-O 8. Bd3 h6 9. Bh4 Re8 10. Nf3 Be6 11. h3 Nbd7 12. O-O-O a5 13. g4 a4 14. g5 hxg5 15. Nxg5 b5 16. Kb1 Nb6 17. e4 b4 18. e5 Be7 19. Nxe6 fxe6 20. exf6 Bxf6 21. Bxf6 Qxf6 22. Ne2 b3 23. Qxc6 bxa2+ 24. Kxa2 a3 25. b3 Nc4 26. bxc4 Rec8 27. Qd6 dxc4 28. Be4 Rab8 29. Qxa3 Qxf2 30. Rhe1 c3 31. d5 Rb2+ 32. Ka1 Rxe2 0-1


[Site "https://www.chess.com"]

[Event "Titled Tuesday Blitz June 13 Early 2023"]
[White "Golubev, Mikhail"]
[Black "Torres Hernandez, Leslie Carolin"]
[WhiteFideId "14100983"]
[BlackFideId "8400504"]
[WhiteElo "2374"]
[BlackElo "1920"]
[Result "0-1"]
[Round "4"]
[TimeControl "180+2"]
[Date "2023.06.13"]
[WhiteClock "0:00:00"]
[BlackClock "0:00:53"]
[Board "147"]

1. e4 e6 2. d3 d5 3. Nd2 Nc6 4. Ngf3 e5 5. Be2 Nf6 6. O-O dxe4 7. dxe4 Bc5 8. c3 a5 9. a4 O-O 10. Qc2 Qe7 11. Nc4 Bg4 12. h3 Bh5 13. Nh4 Bxe2 14. Qxe2 Qe6 15. Bg5 Ne7 16. Rad1 h6 17. Bc1 b6 18. b3 Rad8 19. Nf3 Ng6 20. Bd2 Nh5 21. Nh2 Ng3 22. Qf3 Nxf1 23. Nxf1 Rd7 24. Ng3 Rfd8 25. Nf5 Nf4 26. Kh2 Kh7 27. g3 Nd3 28. Rf1 Nb2 29. Be3 Nxc4 30. Bxc5 Nd2 31. Qg4 Nxf1+ 32. Kg2 g6 0-1


[Site "https://www.chess.com"]

[Event "Titled Tuesday Blitz June 13 Early 2023"]
[White "San Thit Lwin"]
[Black "MKlose11"]
[WhiteFideId "13001272"]
[WhiteElo "2232"]
[BlackElo "2531"]
[Result "0-1"]
[Round "4"]
[TimeControl "180+2"]
[Date "2023.06.13"]
[WhiteClock "0:00:23"]
[BlackClock "0:01:24"]
[Board "148"]

1. Nf3 Nf6 2. c4 c5 3. Nc3 Nc6 4. d4 cxd4 5. Nxd4 d6 6. e4 g6 7. Be2 Bg7 8. Be3 O-O 9. O-O Bd7 10. Qd2 Re8 11. f3 a5 12. Rac1 Nxd4 13. Bxd4 Bc6 14. Rfd1 Nd7 15. Bxg7 Kxg7 16. b3 Qb6+ 17. Kh1 a4 18. Qb2 Kg8 19. b4 a3 20. Qb3 Nf6 21. Rb1 Rec8 22. Rd2 Bd7 23. Nd5 Nxd5 24. exd5 Qf2 25. Rbd1 Ba4 26. Qd3 Bxd1 27. Rxd1 Ra4 28. Bf1 Rxb4 29. Qxa3 Rb2 30. f4 Rxc4 31. Qa8+ Kg7 32. Qd8 Rxf4 33. h3 Qc2 34. Qxe7 Rxf1+ 35. Rxf1 Qxg2# 0-1


[Site "https://www.chess.com"]

[Event "Titled Tuesday Blitz June 13 Early 2023"]
[White "Bethke, Richard"]
[Black "Mouhamad, Joachim"]
[WhiteFideId "12959243"]
[BlackFideId "656410"]
[WhiteElo "2369"]
[BlackElo "2125"]
[Result "1-0"]
[Round "4"]
[TimeControl "180+2"]
[Date "2023.06.13"]
[WhiteClock "0:00:05"]
[BlackClock "0:00:00"]
[Board "149"]

1. e4 c5 2. Nf3 Nc6 3. d4 cxd4 4. Nxd4 Nf6 5. Nc3 d6 6. Bg5 e6 7. Qd2 a6 8. O-O-O Bd7 9. f4 Be7 10. Bxf6 Bxf6 11. Nf3 Be7 12. g4 b5 13. Bg2 b4 14. Ne2 Rc8 15. Kb1 a5 16. Ned4 Qb6 17. e5 d5 18. f5 a4 19. Rhf1 O-O 20. f6 gxf6 21. Qh6 fxe5 22. Ng5 Bxg5 23. Qxg5+ Kh8 24. Qf6+ Kg8 25. Nf5 exf5 26. gxf5 b3 27. Be4 Ne7 28. Qxe7 dxe4 29. cxb3 axb3 30. Qxd7 Qc5 31. Rg1+ Kh8 32. Rc1 bxa2+ 33. Ka1 Qxc1+ 34. Rxc1 Rxc1+ 35. Kxa2 Ra8+ 36. Kb3 Rcc8 37. Qd5 f6 38. Qd6 Rab8+ 39. Ka2 Rf8 40. b4 e3 41. Kb3 e2 42. Qd2 Rfd8 43. Qxe2 Rd4 44. Qh5 Rbxb4+ 45. Kc3 Rbc4+ 46. Kb3 Rb4+ 47. Kc2 Rb8 48. Qf7 Rc8+ 49. Kb3 Rd6 50. Qe7 Rcd8 51. Kc4 Rd4+ 52. Kb5 R4d5+ 53. Kc6 R5d6+ 54. Kc5 Rd5+ 55. Kc4 R5d6 56. h4 Kg8 57. h5 R8d7 58. Qe8+ Kg7 59. Qb8 Kh6 60. Qf8+ Kxh5 61. Qg8 h6 62. Kc5 Rd5+ 63. Kc4 Rd4+ 64. Kc3 Kh4 65. Qg6 R7d6 66. Qxh6+ Kg4 67. Qg6+ Kf4 68. Kc2 e4 69. Qh6+ Ke5 70. Qh2+ Kxf5 71. Qh5+ Ke6 72. Qg4+ f5 73. Qg6+ Ke5 74. Qg5 Rc4+ 75. Kb3 Rcc6 76. Qg3+ Kd5 77. Qf4 Rb6+ 78. Kc3 Rdc6+ 79. Kd2 Rb2+ 80. Kd1 Rb1+ 81. Kd2 Rbb6 82. Qxf5+ Kd4 83. Qf2+ Kc4 84. Ke3 Re6 85. Qc2+ Kb5 86. Qb3+ Ka6 87. Qa4+ Kb7 88. Qd7+ Ka6 89. Qc8+ Ka5 90. Kd4 Rb4+ 91. Kc5 Rb5+ 92. Kc4 Rb4+ 93. Kc3 Reb6 94. Qa8+ 1-0


[Site "https://www.chess.com"]

[Event "Titled Tuesday Blitz June 13 Early 2023"]
[White "Tarasova, Viktoriya"]
[Black "Devaev, Alexander"]
[WhiteFideId "4175840"]
[BlackFideId "4169395"]
[WhiteElo "2182"]
[BlackElo "2172"]
[Result "0-1"]
[Round "4"]
[TimeControl "180+2"]
[Date "2023.06.13"]
[WhiteClock "0:00:00"]
[BlackClock "0:00:54"]
[Board "150"]

1. d4 Nf6 2. c4 e6 3. Nc3 c5 4. d5 d6 5. Nf3 e5 6. h3 Be7 7. e4 Nbd7 8. Be2 Nf8 9. O-O Ng6 10. Ne1 Nf4 11. Bf3 O-O 12. Kh2 a6 13. a4 Rb8 14. Nd3 Nxd3 15. Qxd3 Bd7 16. Be2 Ne8 17. Be3 Nc7 18. a5 b5 19. axb6 Rxb6 20. Ra2 Bg5 21. Qd2 Bxe3 22. Qxe3 Qe7 23. Bd3 Rfb8 24. Qd2 Rb4 25. Nd1 Qf6 26. Ne3 g6 27. g3 Bc8 28. Kg2 h5 29. Nd1 h4 30. f4 hxg3 31. Kxg3 exf4+ 32. Rxf4 Qg5+ 33. Kh2 Qe5 34. Kg2 Ne8 35. Qf2 R8b7 36. Nc3 Re7 37. Ra1 Ng7 38. Rf1 Rbb7 39. Qc2 Nh5 40. R4f3 Qg5+ 0-1


[Site "https://www.chess.com"]

[Event "Titled Tuesday Blitz June 13 Early 2023"]
[White "Begunov, Konstantin"]
[Black "Peycheva, Gergana"]
[WhiteFideId "4118510"]
[BlackFideId "2916711"]
[WhiteElo "1993"]
[BlackElo "2216"]
[Result "1-0"]
[Round "4"]
[TimeControl "180+2"]
[Date "2023.06.13"]
[WhiteClock "0:00:06"]
[BlackClock "0:00:04"]
[Board "151"]

1. d4 d5 2. c4 dxc4 3. Nf3 Nf6 4. e3 b5 5. a4 b4 6. Bxc4 e6 7. O-O Kd7 8. e4 Ke8 9. Qe2 Bb7 10. Nbd2 Be7 11. Re1 Nbd7 12. e5 Nd5 13. Ne4 h6 14. Nfd2 Kf8 15. Nb3 a5 16. Qg4 Kg8 17. Bd3 Ba6 18. Bxa6 Rxa6 19. f4 Nf8 20. f5 exf5 21. Qxf5 Qd7 22. Qf1 Rg6 23. Nxa5 Nb6 24. Nb3 Nxa4 25. Be3 Qd5 26. Nbd2 Nb6 27. Ra7 Ne6 28. Qf3 Qd7 29. Kh1 Kh7 30. Qf5 Rf8 31. Nf3 Kg8 32. Qh5 Qd5 33. Nfd2 Ng5 34. Nxg5 Bxg5 35. Bxg5 Rxg5 36. Qe2 Qxd4 37. Rxc7 Qxb2 38. e6 fxe6 39. Qxe6+ Kh8 40. Qxb6 Qxd2 41. Rg1 Rf2 42. Rc8+ Kh7 43. Qb7 b3 44. Qa8 b2 45. Rh8+ Kg6 46. Qe8+ Rf7 47. Rf8 Rf5 48. Qe6+ R5f6 49. Qe4+ Kg5 50. Rxf7 Rxf7 51. h4+ Kh5 52. g4+ Kxh4 53. g5+ Kh5 54. Qg4+ Kg6 55. gxh6+ Kxh6 56. Qg6# 1-0


[Site "https://www.chess.com"]

[Event "Titled Tuesday Blitz June 13 Early 2023"]
[White "Lacasa Diaz, Jose Antonio"]
[Black "Horak, Martin"]
[WhiteFideId "2203375"]
[BlackFideId "367095"]
[WhiteElo "2338"]
[BlackElo "2091"]
[Result "0-1"]
[Round "4"]
[TimeControl "180+2"]
[Date "2023.06.13"]
[WhiteClock "0:00:14"]
[BlackClock "0:01:04"]
[Board "152"]

1. c4 e5 2. Nc3 Nf6 3. Nf3 Nc6 4. e3 Bb4 5. Nd5 e4 6. Nxb4 Nxb4 7. Nd4 c5 8. a3 cxd4 9. axb4 d3 10. b3 d5 11. Bb2 O-O 12. f3 Be6 13. fxe4 dxe4 14. g3 Bg4 15. Qc1 Bf3 16. Rg1 Ng4 17. h3 Nh2 18. Qc3 Qg5 19. Ra5 Qg6 20. g4 f5 21. h4 Bxg4 22. Bh3 Nf3+ 23. Kf2 Nxg1 0-1


[Site "https://www.chess.com"]

[Event "Titled Tuesday Blitz June 13 Early 2023"]
[White "Toncheva, Nadya"]
[Black "Xie, Bryan"]
[WhiteFideId "2924056"]
[BlackFideId "30941296"]
[WhiteElo "2101"]
[BlackElo "2033"]
[Result "1-0"]
[Round "4"]
[TimeControl "180+2"]
[Date "2023.06.13"]
[WhiteClock "0:01:38"]
[BlackClock "0:00:47"]
[Board "153"]

1. d4 Nf6 2. c4 e6 3. Nc3 Bb4 4. e3 O-O 5. Ne2 b6 6. a3 Be7 7. Ng3 Bb7 8. e4 d5 9. e5 Ne4 10. Ngxe4 dxe4 11. Be3 c5 12. Be2 cxd4 13. Qxd4 Qxd4 14. Bxd4 Nc6 15. Be3 Nxe5 16. O-O Rfd8 17. Rfd1 Rxd1+ 18. Rxd1 Rd8 19. Rxd8+ Bxd8 20. Kf1 f5 21. b3 Bf6 22. Nb5 Nc6 23. c5 e5 24. cxb6 f4 25. Bc4+ Kh8 26. Bc5 axb6 27. Bxb6 Nd4 28. Nd6 Ba8 29. Nf7+ Kg8 30. Nxe5+ Kf8 31. Bxd4 1-0


[Site "https://www.chess.com"]